 Dungeon Crawl Stone Soup version 0.19.5 (webtiles) character file.

2513 Lizzreth the Impaler (level 9, -4/59 HPs)
             Began as a Merfolk Skald on Mar 15, 2017.
             Was a Follower of Hepliaklqana.
             Shot with a sling bullet by Joseph (13 damage)
             ... on level 7 of the Dungeon.
             The game lasted 00:40:02 (7304 turns).

Lizzreth the Impaler (Merfolk Skald)                Turns: 7304, Time: 00:40:03

Health: -4/59      AC: 11    Str: 15    XL:     9   Next: 53%
Magic:  12/12      EV: 10    Int: 11    God:    Hepliaklqana [*.....]
Gold:   207        SH:  0    Dex: 14    Spells: 2 memorised, 9 levels left

rFire  . . .     SeeInvis .     q - +0 halberd
rCold  . . .     Gourm    +     f - +0 ring mail
rNeg   . . .     Faith    .     (shield currently unavailable)
rPois  .         Spirit   .     (no helmet)
rElec  .         Reflect  .     l - +2 cloak
rCorr  .         Harm     .     (no gloves)
MR     .....                    (no boots)
Stlth  +.........               x - amulet of the gourmand
                                (no ring)
                                y - +3 ring of protection

@: very slightly contaminated, heavily drained
A: change form in water, swift swim, stealthy swim, reduced essence
a: Recall Ancestor, Ancestor Identity, Renounce Religion


You were on level 7 of the Dungeon.
You worshipped Hepliaklqana.
Hepliaklqana was aware of your devotion.
You were not hungry.

You visited 1 branch of the dungeon, and saw 7 of its levels.
You also visited: Ossuary.

You collected 207 gold pieces.

Inventory:

Hand Weapons
 a - a +0 spear
 q - a +0 halberd (weapon)
 A - the +4 hand axe of Lizzreth's Quick Death {flame, *Noise +Blink +Rage rF+}
   (You found it on level 6 of the Dungeon)

   It has been specially enchanted to burn those struck by it, causing extra
   injury to most foes and up to half again as much damage against particularly
   susceptible opponents.
   Big, fiery blades are also staple armaments of hydra-hunters.
   It protects you from fire.
   It lets you blink.
   It lets you go berserk.
   It may make noises in combat.
Armour
 b - a +0 leather armour
 f - a +0 ring mail (worn)
 l - a +2 cloak (worn)
Jewellery
 x - an amulet of the gourmand (around neck)
 y - a +3 ring of protection (left hand)
 E - an uncursed ring of stealth
 F - an uncursed ring of ice
 G - an uncursed ring of fire
Scrolls
 e - 4 scrolls of random uselessness
 g - a scroll of fog
 i - 2 scrolls of enchant armour
 k - 7 scrolls of identify
 m - 2 scrolls of teleportation
 n - a scroll of blinking
 r - 3 scrolls of remove curse
 s - 3 scrolls of recharging
 z - 2 scrolls of magic mapping
 H - 4 scrolls of amnesia
Potions
 h - 2 potions of cancellation {unknown}
 j - a potion of agility {unknown}
 p - 2 potions of might {unknown}
 u - a potion of mutation {unknown}
 v - a potion of flight {unknown}
 B - a potion of lignification {unknown}
 C - 2 potions of curing
 D - 2 potions of degeneration {unknown}
 I - a potion of brilliance {unknown}
 J - a potion of experience {unknown}
 K - a potion of magic {unknown}
Books
 c - a book of Battle

   Spells                             Type                      Level
   a - Infusion                       Charms                       1
   b - Shroud of Golubria             Charms/Translocation         2
   c - Song of Slaying                Charms                       2
   d - Spectral Weapon                Hexes/Charms                 3
   e - Regeneration                   Charms/Necromancy            3
Comestibles
 d - 4 bread rations
 o - 3 meat rations
 t - 3 fruits
 w - 2 beef jerkies


   Skills:
 + Level 4.7(3.1) Fighting
 - Level 16.0(13.9) Polearms
 - Level 0.6(0.0) Armour
 - Level 1.3(0.0) Dodging
 - Level 1.2(0.0) Stealth
 - Level 2.0(0.5) Spellcasting
 - Level 3.2(1.7) Charms


You had 9 spell levels left.
You knew the following spells:

 Your Spells              Type           Power        Failure   Level  Hunger
a - Infusion              Chrm           #...         38%         1    ##.....
b - Song of Slaying       Chrm           #.......     61%         2    ###....


Dungeon Overview and Level Annotations

Branches:
Dungeon (7/15)             Temple (0/1) D:7

Altars:
Ashenzari
Fedhas
Hepliaklqana
Nemelex Xobeh
Qazlal
Trog
Vehumet

Annotations:
D:7 Joseph


Message History

Joseph closely misses you.
You hit Joseph but do no damage.
Joseph is severely wounded.
You slash Joseph!
Joseph is almost dead.
Joseph hits you with an uncursed quarterstaff of draining!
* * * LOW HITPOINT WARNING * * *
You feel drained.
* * * LOW HITPOINT WARNING * * *
You feel better. Joseph closely misses you.
Blink to where?
Press: ? - help, Dir - move target cursor, p - Joseph You are very lightly contaminated with residual magic.
As you read the scroll of blinking, it crumbles to dust.
Joseph unwields an uncursed quarterstaff of draining.
Joseph wields an uncursed hunting sling.
Joseph shoots a sling bullet.
The sling bullet closely misses you.
You see here a sling bullet.
Joseph shoots a sling bullet.
The sling bullet hits you!
You die...

#.#.##
#######.#.##
#.@...@....#######
#(#####.#.......[.
#.# #.#.########
#.# #(#.### #.#
#@#...# #.#
#...###.# #@#
#...# #.# #.#
#...# #.# #.#
##.## #.# #.# #.
#.##### #.# #.
#.....# #.# #.
#####.# #.# #.#
#.# #.# #.#


You could see Joseph.

Vanquished Creatures
  A hippogriff (D:7)
  A hungry ghost (D:7)
  A phantom (D:6)
  2 ogres (D:6)
  3 ice beasts
  2 centaurs (D:5)
  Blork the orc (D:4)
  A bullfrog (D:6)
  A gnoll sergeant (D:6)
  8 scorpions
  A centaur zombie (D:5)
  A quasit (D:5)
  2 hounds
  A jelly (D:6)
  A human zombie (Ossuary)
  An orc priest (D:7)
  Jessica (D:3)
  An iguana (D:7)
  4 worker ants
  A killer bee zombie (D:6)
  A big kobold zombie (Ossuary)
  A mummy (Ossuary)
  5 gnolls
  8 adders
  2 scorpion zombies (Ossuary)
  An adder skeleton (D:4)
  2 worms (D:2)
  3 leopard geckos
  7 orcs
  10 giant cockroaches
  9 goblins
  10 hobgoblins
  5 jackals (D:1)
  7 kobolds
  3 quokkas
  A ball python (D:3)
  9 bats
  5 frilled lizards
  A gnoll zombie (Ossuary)
  5 goblin zombies (Ossuary)
  4 hobgoblin zombies (Ossuary)
  4 kobold zombies (Ossuary)
  A leopard gecko skeleton (D:4)
  An orc zombie (Ossuary)
  2 quokka skeletons (D:4)
  7 rats
149 creatures vanquished.

Vanquished Creatures (collateral kills)
  An ogre (D:6)
  2 scorpions (Ossuary)
  A human zombie (Ossuary)
  2 big kobold zombies (Ossuary)
  2 mummies (Ossuary)
  A gnoll (D:6)
  An adder (D:7)
  A gnoll zombie (Ossuary)
  A kobold zombie (Ossuary)
12 creatures vanquished.

Vanquished Creatures (others)
  4 ancestors
4 creatures vanquished.

Grand Total: 165 creatures vanquished

Notes
Turn   | Place    | Note
-------+----------+-------------------------------------------
     0 | D:1      | Lizzreth the Merfolk Skald began the quest for the Orb.
     0 | D:1      | Reached XP level 1. HP: 16/16 MP: 3/3
   258 | D:1      | Reached skill level 4 in Polearms
   258 | D:1      | Reached XP level 2. HP: 22/22 MP: 5/5
   756 | D:1      | Reached XP level 3. HP: 21/27 MP: 6/6
   761 | D:1      | Reached skill level 5 in Polearms
  1282 | D:2      | Learned a level 2 spell: Song of Slaying
  1497 | D:2      | Reached skill level 6 in Polearms
  1497 | D:2      | Reached XP level 4. HP: 19/33 MP: 7/7
  1949 | D:2      | Reached skill level 7 in Polearms
  2443 | D:2      | Reached XP level 5. HP: 26/38 MP: 8/8
  2948 | D:3      | Found a radiant altar of Vehumet.
  3084 | D:3      | You fall through a shaft for 2 floors!
  3084 | D:5      | Entered Level 5 of the Dungeon
  3084 | D:5      | Noticed an ice beast
  3084 | D:5      | Noticed a centaur
  3203 | D:4      | Noticed Blork the orc
  3221 | D:4      | Reached skill level 8 in Polearms
  3229 | D:4      | Killed Blork the orc
  3229 | D:4      | Reached skill level 1 in Stealth
  3229 | D:4      | Reached XP level 6. HP: 20/44 MP: 9/9
  3231 | D:4      | Reached skill level 9 in Polearms
  3512 | D:4      | Noticed an air elemental
  3516 | D:4      | Found a stormy altar of Qazlal.
  3517 | D:4      | Noticed a fire elemental
  3517 | D:4      | Noticed a water elemental
  3529 | D:4      | Found a shattered altar of Ashenzari.
  3832 | D:4      | Found a blossoming altar of Fedhas.
  4116 | D:3      | Noticed Jessica
  4125 | D:3      | Killed Jessica
  4204 | D:5      | Reached skill level 10 in Polearms
  4204 | D:5      | Reached XP level 7. HP: 38/50 MP: 10/10
  4248 | D:5      | Found a sparkling altar of Nemelex Xobeh.
  4332 | D:5      | Reached skill level 11 in Polearms
  4998 | D:5      | Found a hazy altar of Hepliaklqana.
  5004 | D:5      | Became a worshipper of Hepliaklqana the Forgotten
  5160 | D:6      | Reached skill level 12 in Polearms
  5160 | D:6      | Reached XP level 8. HP: 50/50 MP: 11/11
  5225 | D:6      | Reached skill level 13 in Polearms
  5340 | D:6      | Found a bloodstained altar of Trog.
  5367 | D:6      | Got an iridescent hand axe
  5368 | D:6      | Identified the +4 hand axe of Lizzreth's Quick Death {flame, *Noise +Blink +Rage rF+} (You found it on level 6 of the Dungeon)
  5419 | D:6      | Reached skill level 14 in Polearms
  5527 | D:6      | Reached * piety under Hepliaklqana
  5698 | D:7      | Found a staircase to the Ecumenical Temple.
  5792 | D:7      | Found a sand-covered staircase.
  5798 | Ossuary  | Entered an ossuary
  5835 | Ossuary  | Reached skill level 15 in Polearms
  5835 | Ossuary  | Reached XP level 9. HP: 54/54 MP: 12/12
  6307 | Ossuary  | Reached skill level 16 in Polearms
  7277 | D:7      | Noticed Joseph
  7292 | D:7      | HP: 2/59 [Joseph/uncursed quarterstaff of draining (5)]
  7304 | D:7      | Shot with a sling bullet by Joseph

Skill      XL: |  1  2  3  4  5  6  7  8  9 |
---------------+----------------------------+-----
Polearms       | 4 6 7 8 10 12 15 16 | 16.0
Stealth        | 1 |  1.2
Fighting       | 4 |  4.7
Armour         | |  0.6
Dodging        | |  1.3
Spellcasting   | |  2.0
Charms         | |  3.2

Action                   |  1- 3 |  4- 6 |  7- 9 || total
-------------------------+-------+-------+-------++-------
Melee: Spear             |   191 |    20 |       ||   211
       Halberd           |       |   159 |   311 ||   470
  Use: Potion            |       |     3 |     2 ||     5
       Scroll            |       |    10 |     2 ||    12
 Stab: Sleeping          |       |     2 |       ||     2
       Distracted        |       |     1 |     3 ||     4
  Eat: Chunk             |     2 |     7 |     7 ||    16
       Bread ration      |       |     1 |     1 ||     2
Armor: Ring mail         |    47 |    58 |    81 ||   186
Dodge: Dodged            |    83 |    70 |    94 ||   247
